 Dungeon Crawl Stone Soup version 0.20.1-1-g8b1a95d (webtiles) character file.

86815 Reinor the Eclecticist (level 15, -7/85 HPs)
             Began as a Spriggan Earth Elementalist on July 29, 2017.
             Was a High Priest of Vehumet.
             Mangled by Agnes
             ... wielding a +2 lajatang of distortion
              (23 damage)
             ... on level 1 of the Elven Halls.
             The game lasted 01:52:34 (28799 turns).

Reinor the Eclecticist (SpEE)                      Turns: 28799, Time: 01:52:36

Health: -7/85      AC:  7    Str:  4    XL:     15   Next: 41%
Magic:  46/46      EV: 24    Int: 23    God:    Vehumet [*****.]
Gold:   1606       SH:  0    Dex: 17    Spells: 27/49 levels left

rFire    . . .     SeeInvis +   P - +0 blowgun
rCold    + . .     Gourm    .   (shield restricted)
rNeg     . . .     Faith    .   L - +2 robe {rC+}
rPois    +         Spirit   .   (helmet restricted)
rElec    .         Reflect  .   T - +2 cloak {rPois}
rCorr    .         Harm     .   (gloves unavailable)
MR       ++...                  (boots unavailable)
Stlth    ++++......             o - amulet of Vitality {Regen+ HP+15}
Regen    0.7/turn               s - ring of flight
MPRegen  0.3/turn               m - ring of magical power

@: very quick
A: unfitting armour, see invisible, herbivore 3, speed 3, slow metabolism 2
a: Renounce Religion, Evoke Flight


You were on level 1 of the Elven Halls.
You worshipped Vehumet.
Vehumet was extremely pleased with you.
You were not hungry.

You visited 4 branches of the dungeon, and saw 19 of its levels.

You collected 1812 gold pieces.
You spent 206 gold pieces at shops.

Inventory:

Hand Weapons
 P - a +0 blowgun (weapon)
Missiles
 b - 257 stones
 h - 12 curare-tipped needles (quivered)
Armour
 L - a +2 robe of cold resistance (worn)
 S - the +3 robe of the Bells {Dex+5}
   (You found it on level 12 of the Dungeon)

   It affects your dexterity (+5).
 T - a +2 cloak of poison resistance (worn)
 V - a +2 robe of magic resistance
Magical Staves
 W - an uncursed staff of power
 Y - an uncursed staff of conjuration
Jewellery
 m - a ring of magical power (right hand)
 o - the amulet of Vitality (around neck) {Regen+ HP+15}
   (You found it on level 10 of the Dungeon)

   [amulet of regeneration]

   It affects your health (+15).
   It increases your rate of regeneration.
 s - a ring of flight (left hand)
 y - an uncursed ring of resist corrosion
Wands
 D - a wand of acid (8/15)
 G - a wand of clouds (5/9)
 I - a wand of acid (4/15)
 K - a wand of lightning (8/15)
 X - a wand of clouds (2/9)
Scrolls
 c - a scroll of acquirement {unknown}
 e - 3 scrolls of noise {unknown}
 f - 6 scrolls of remove curse
 i - 6 scrolls of teleportation
 l - a scroll of silence {unknown}
 p - 4 scrolls of identify
 t - 4 scrolls of recharging {unknown}
 w - 4 scrolls of fear {unknown}
 x - 3 scrolls of enchant armour
 B - a scroll of blinking {unknown}
 E - a scroll of amnesia
 M - 3 scrolls of magic mapping {unknown}
 R - 2 scrolls of summoning {unknown}
 U - 2 scrolls of holy word {unknown}
Potions
 a - 7 potions of curing
 g - 3 potions of ambrosia
 j - 6 potions of lignification
 k - 8 potions of might
 q - a potion of resistance
 r - 2 potions of magic
 u - 7 potions of heal wounds
 A - 2 potions of agility
 C - 2 potions of brilliance
 H - 2 potions of cancellation
 N - 2 potions of flight
 O - a potion of invisibility
 Q - a potion of haste
Comestibles
 d - 7 bread rations
 v - 16 fruits
 J - 2 royal jellies


   Skills:
 - Level 4.0 Fighting
 - Level 8.1 Dodging
 - Level 8.2 Stealth
 + Level 17.9 Spellcasting
 - Level 10.0 Conjurations
 + Level 2.9 Summonings
 - Level 5.1 Transmutations
 + Level 14.3 Earth Magic
 - Level 5.3 Evocations


You had 27 spell levels left.
You knew the following spells:

 Your Spells              Type           Power        Failure   Level  Hunger
a - Sandblast             Erth           ######       0%          1    None
b - Passwall              Tmut/Erth      ######....   1%          2    None
c - Stone Arrow           Conj/Erth      ######       1%          3    None
d - Lee's Rapid Deconstr  Erth           ######....   1%          5    None
e - Petrify               Tmut/Erth      ######..     1%          4    None
f - Spellforged Servitor  Conj/Summ      ######....   36%         7    #####..


Dungeon Overview and Level Annotations

Branches:
Dungeon (15/15)            Temple (1/1) D:4            Lair (0/6) D:8
    Orc (2/2) D:12            Elf (1/3) Orc:2        Vaults (0/5) D:14
 Depths: D:15

Altars:
Ashenzari
Cheibriados
Dithmenos
Elyvilon
Fedhas
Gozag
Kikubaaqudgha
Nemelex Xobeh
Okawaru
Ru
Sif Muna
Trog
Uskayaw
Vehumet
Xom
Yredelemnul
Zin
The Shining One
Beogh

Shops:
D:4 =   D:10 !!%?   D:13 (   Orc:2 ***[

Annotations:
D:11 3 runed doors
D:15 vlindergert's ghost, journeyman MiFi
Elf:1 Agnes


Innate Abilities, Weirdness & Mutations

You are very small and have problems with some larger weapons.
You are too small for most types of armour.
You have supernaturally acute eyesight. (SInv)
You are a herbivore.
You cover ground extremely quickly.
You need consume almost no food.


Message History

Wield which item (- for none, * to show all)? (? for menu, Esc to quit)
You feel your magic capacity decrease.
P - a +0 blowgun (weapon)
Firing (i - inventory. (,) - cycle):
h - 14 curare-tipped needles (quivered)
Press: ? - help, Shift-Dir - straight line, f/p - Agnes
Aim: Agnes, wielding a lajatang of distortion and wearing a robe (lightly wounded)
You shoot a curare-tipped needle.
The curare-tipped needle closely misses Agnes.
Agnes hits you with a lajatang of distortion!!
Space bends around you.
Firing (i - inventory. (,) - cycle):
h - 13 curare-tipped needles (quivered)
Press: ? - help, Shift-Dir - straight line, f/p - Agnes
Aim: Agnes, wielding a lajatang of distortion and wearing a robe (lightly wounded)
You shoot a curare-tipped needle.
The curare-tipped needle completely misses Agnes.
Agnes hits you with a lajatang of distortion!!
Space warps horribly around you!
* * * LOW HITPOINT WARNING * * *
Agnes hits you with a lajatang of distortion!!
You die...

## #...>.+# #(# ##.i.......### #
##.....## #(# #........[[.# ##
#.......# #.# #...........## .#
#.......# #.# #...........'. ##
#.......## #.# #...........## #
##.....#'## #.# #........[..# #
#.....##.###.# ##...i.....###
#########.##i#####.......###.
##### ##'#@..####.)<..###.#
#...##########.....##########'##
#)..'........'.....'...'.....#
##.###########.....#####.....#
#.# ##...## #.....# ### #####
###$### ###


You could see Agnes.

Vanquished Creatures
  The ghost of Gargoyl the Tortoise, an adept MiAK of Lugonu (Orc:2)
  A deep elf demonologist (Elf:1)
  Josephine (Orc:1)
  The ghost of hurdos the Cleaver, a journeyman DDBe of Trog (Orc:1)
  6 hydras
  22 two-headed ogres
  4 centaur warriors
  2 dancing weapons (Elf:1)
  2 death knights
  Erica (Orc:1)
  3 ogre magi
  A death yak (D:8)
  2 tengu warriors (D:14)
  A glowing orange brain (shapeshifter) (D:13)
  3 unseen horrors
  2 deep trolls (Orc:2)
  An obsidian statue (D:11)
  3 orc knights
  An ugly thing (D:13)
  6 cyclopes
  18 deep elf magi
  2 orc sorcerers (Orc:2)
  5 manticores
  Maurice (Orc:1)
  4 gargoyles
  3 centaur skeletons
  2 kobold demonologists
  A yaktaur (shapeshifter) (D:14)
  A tengu conjurer (D:15)
  19 trolls
  A wolf spider simulacrum (D:14)
  5 slime creatures (D:12)
  4 polar bears
  Prince Ribbit (D:7)
  A raiju (shapeshifter) (D:14)
  2 hornets
  3 hippogriffs
  A meliai zombie (D:12)
  2 dream sheep (D:9)
  Sigmund (D:3)
  2 shadows
  6 wraiths
  A water elemental (D:12)
  2 wyverns (D:15)
  2 centaur simulacra (D:12)
  50 yaks
  2 basilisks (D:13)
  Eustachio (D:6)
  7 vampire mosquitoes
  A steam dragon (D:9)
  3 hungry ghosts
  An acid dragon (D:11)
  2 wargs (D:8)
  A soldier ant (D:10)
  11 orc warriors
  9 ice beasts
  An eye of draining (D:14)
  2 sky beasts
  2 black bears (shapeshifter)
  3 phantoms
  5 black bears
  A necrophage (D:11)
  15 centaurs
  26 ogres
  5 wolves
  A crocodile (D:12)
  7 big kobolds
  Blork the orc (D:5)
  10 bullfrogs
  7 scorpions
  2 water moccasin skeletons
  12 wights
  3 killer bees (D:12)
  3 electric eels
  6 crimson imps
  4 bullfrog zombies
  10 centaur zombies
  6 hounds
  7 jellies
  A gnoll shaman (D:10)
  11 orc priests
  4 bullfrog skeletons
  19 orc wizards
  4 iguanas
  10 worker ants
  Natasha (thrice) (D:2)
  3 bullfrog simulacra
  A hound skeleton (D:4)
  A worker ant zombie (D:6)
  A killer bee simulacrum (D:8)
  25 gnolls
  A howler monkey skeleton (D:11)
  13 adders
  A hound simulacrum (D:8)
  6 shadow imps
  5 white imps
  4 ufetubi
  An ooze (D:2)
  2 adder skeletons
  3 worms
  5 dart slugs
  3 leopard geckos
  65 orcs
  A ball python (D:2)
  A bat zombie (D:3)
  8 giant cockroaches
  17 goblins
  12 hobgoblins
  10 jackals
  7 quokkas
  6 bats
  3 frilled lizards
  A jackal skeleton (D:5)
  21 kobolds
  9 rats
  4 rat zombies (D:3)
  A fungus (D:4)
674 creatures vanquished.

Vanquished Creatures (others)
  A deep elf mage (Orc:1)
  A withered plant (D:15)
2 creatures vanquished.

Grand Total: 676 creatures vanquished

Notes
Turn   | Place    | Note
-------+----------+-------------------------------------------
     0 | D:1      | Reinor the Spriggan Earth Elementalist began the quest for the Orb.
     0 | D:1      | Reached XP level 1. HP: 9/9 MP: 5/5
   369 | D:1      | Reached XP level 2. HP: 13/13 MP: 6/6
   699 | D:1      | Learned a level 2 spell: Passwall
   848 | D:1      | Reached skill level 3 in Spellcasting
  1129 | D:1      | Reached XP level 3. HP: 15/16 MP: 5/8
  1603 | D:2      | Learned a level 3 spell: Stone Arrow
  2115 | D:2      | Reached XP level 4. HP: 8/21 MP: 10/10
  2656 | D:2      | Reached skill level 4 in Spellcasting
  3131 | D:2      | Reached XP level 5. HP: 10/24 MP: 2/12
  3381 | D:2      | Found a sparkling altar of Nemelex Xobeh.
  3467 | D:3      | Noticed Natasha
  3654 | D:2      | Killed Natasha
  3654 | D:2      | Reached skill level 5 in Spellcasting
  3761 | D:2      | Noticed Natasha
  3766 | D:2      | Killed Natasha
  3793 | D:2      | Noticed Natasha
  4115 | D:2      | Killed Natasha
  4115 | D:2      | Reached XP level 6. HP: 6/28 MP: 11/15
  4450 | D:3      | Reached skill level 5 in Earth Magic
  4647 | D:3      | Found an ancient bone altar of Kikubaaqudgha.
  4751 | D:3      | Noticed Sigmund
  4758 | D:3      | Killed Sigmund
  4758 | D:3      | Reached skill level 6 in Spellcasting
  4758 | D:3      | Reached skill level 1 in Conjurations
  5169 | D:3      | Reached XP level 7. HP: 17/32 MP: 4/17
  5835 | D:4      | Found a staircase to the Ecumenical Temple.
  5840 | Temple   | Entered the Ecumenical Temple
  6005 | Temple   | Became a worshipper of Vehumet
  6175 | D:4      | Reached skill level 7 in Spellcasting
  6452 | D:4      | Found a glowing golden altar of the Shining One.
  7078 | D:4      | Found Coit's Jewellery Shop.
  7089 | D:4      | Reached XP level 8. HP: 31/36 MP: 20/20
  7158 | D:5      | Entered Level 5 of the Dungeon
  7390 | D:5      | Noticed Blork the orc
  7416 | D:5      | Killed Blork the orc
  7711 | D:5      | Reached * piety under Vehumet
  7711 | D:5      | Offered knowledge of Magic Dart by Vehumet.
  7911 | D:5      | Reached skill level 8 in Spellcasting
  8088 | D:5      | Noticed a two-headed ogre
  8105 | D:5      | Reached skill level 5 in Dodging
  8125 | D:5      | Killed a two-headed ogre
  8125 | D:5      | Reached skill level 9 in Spellcasting
  8125 | D:5      | Reached XP level 9. HP: 14/39 MP: 0/23
  9241 | D:6      | Noticed Eustachio
  9262 | D:6      | Killed Eustachio
  9400 | D:6      | Reached skill level 10 in Spellcasting
  9663 | D:6      | Learned a level 5 spell: Lee's Rapid Deconstruction
  9668 | D:6      | Learned a level 4 spell: Petrify
  9784 | D:6      | Reached ** piety under Vehumet
  9784 | D:6      | Offered knowledge of Freeze by Vehumet.
 10064 | D:7      | Noticed Prince Ribbit
 10070 | D:7      | Killed Prince Ribbit
 10156 | D:7      | Found an opulent altar of Gozag.
 10346 | D:7      | Reached XP level 10. HP: 43/44 MP: 19/25
 10391 | D:7      | Found a bloodstained altar of Trog.
 10501 | D:7      | Found a shadowy altar of Dithmenos.
 10644 | D:8      | Offered knowledge of Static Discharge by Vehumet.
 11231 | D:8      | Reached skill level 5 in Transmutations
 11435 | D:8      | Reached *** piety under Vehumet
 11531 | D:8      | Reached skill level 11 in Spellcasting
 11558 | D:8      | Offered knowledge of Inner Flame by Vehumet.
 11735 | D:8      | Found a shattered altar of Ashenzari.
 11762 | D:8      | Found a shadowy altar of Dithmenos.
 12010 | D:8      | Noticed a two-headed ogre
 12030 | D:8      | Killed a two-headed ogre
 12030 | D:8      | Reached skill level 5 in Conjurations
 12163 | D:8      | Found a deep blue altar of Sif Muna.
 12238 | D:8      | Found a staircase to the Lair.
 12435 | D:8      | Noticed a death yak
 12757 | D:8      | Killed a death yak
 12757 | D:8      | Reached skill level 5 in Stealth
 12757 | D:8      | Reached XP level 11. HP: 47/47 MP: 17/27
 13102 | D:9      | Reached skill level 12 in Spellcasting
 13351 | D:9      | Noticed a three-headed hydra
 13371 | D:9      | Killed a three-headed hydra
 13371 | D:9      | Reached skill level 10 in Earth Magic
 13411 | D:9      | Reached **** piety under Vehumet
 13446 | D:9      | Found a glowing silver altar of Zin.
 13532 | D:9      | Noticed a centaur warrior
 13646 | D:9      | Offered knowledge of Throw Icicle by Vehumet.
 13812 | D:9      | Reached skill level 1 in Fighting
 14004 | D:9      | Noticed a two-headed ogre
 14004 | D:9      | Noticed a two-headed ogre
 14013 | D:9      | Killed a two-headed ogre
 14016 | D:9      | Killed a two-headed ogre
 14520 | D:9      | Killed a centaur warrior
 14762 | D:10     | Entered Level 10 of the Dungeon
 14762 | D:10     | Found Ruofigyq's Food Shop.
 14768 | D:10     | Reached skill level 13 in Spellcasting
 15078 | D:10     | Found Toelirr's Magic Scroll Shoppe.
 15081 | D:10     | Bought a scroll of enchant weapon for 82 gold pieces
 15081 | D:10     | Bought a scroll of enchant armour for 82 gold pieces
 15210 | D:10     | Found Mofraub's Distillery.
 15213 | D:10     | Bought a potion of flight for 42 gold pieces
 15477 | D:10     | Noticed a two-headed ogre
 15492 | D:10     | Killed a two-headed ogre
 15492 | D:10     | Reached XP level 12. HP: 58/58 MP: 18/30
 15501 | D:10     | Found Bis Otia's Distillery.
 15546 | D:11     | Found a runed door.
 15562 | D:11     | Found a runed door.
 15573 | D:11     | Found a runed door.
 15641 | D:11     | Found a runed door.
 16077 | D:11     | Reached ***** piety under Vehumet
 16160 | D:11     | Offered knowledge of Spellforged Servitor by Vehumet.
 16169 | D:11     | Learned a level 7 spell: Spellforged Servitor
 16280 | D:11     | Noticed a four-headed hydra
 16290 | D:11     | Killed a four-headed hydra
 16336 | D:11     | Reached skill level 14 in Spellcasting
 17416 | D:12     | Found a staircase to the Orcish Mines.
 17466 | Orc:1    | Entered Level 1 of the Orcish Mines
 17844 | D:12     | Noticed a death knight
 17896 | D:12     | Killed a death knight
 18339 | D:12     | Got a colourful robe
 18366 | D:12     | Identified the +3 robe of the Bells {Dex+5} (You found it on level 12 of the Dungeon)
 18774 | D:12     | Reached XP level 13. HP: 61/61 MP: 23/32
 19018 | D:12     | Offered knowledge of Iskenderun's Battlesphere by Vehumet.
 19025 | D:12     | Reached skill level 15 in Spellcasting
 20716 | D:13     | Found Puulivvi's Antique Weapon Boutique.
 21763 | D:14     | Offered knowledge of Bolt of Fire by Vehumet.
 21809 | D:14     | Reached skill level 16 in Spellcasting
 22136 | D:14     | Reached XP level 14. HP: 66/66 MP: 35/35
 22716 | D:14     | Reached skill level 1 in Evocations
 23149 | D:14     | Found a gate to the Vaults.
 23343 | D:15     | Entered Level 15 of the Dungeon
 24230 | D:15     | Noticed vlindergert's ghost (journeyman MiFi)
 24526 | Orc:1    | Noticed hurdos's ghost (journeyman DDBe)
 24536 | Orc:1    | Killed hurdos's ghost
 24715 | Orc:1    | Offered knowledge of Lightning Bolt by Vehumet.
 24715 | Orc:1    | Reached skill level 5 in Evocations
 24722 | Orc:1    | Noticed Maurice
 24730 | Orc:1    | Killed Maurice
 25106 | Orc:1    | Noticed Erica
 25118 | Orc:1    | Killed Erica
 25118 | Orc:1    | Reached skill level 17 in Spellcasting
 25374 | Orc:1    | Noticed Josephine
 25401 | Orc:1    | Killed Josephine
 25677 | Orc:2    | Entered Level 2 of the Orcish Mines
 25700 | Orc:2    | Noticed Gargoyl's ghost (adept MiAK)
 25762 | Orc:2    | Found a roughly hewn altar of Beogh.
 26693 | Orc:2    | Killed Gargoyl's ghost
 26854 | Orc:2    | Found Effenlya's Armour Emporium.
 27107 | Orc:2    | Reached XP level 15. HP: 70/70 MP: 16/37
 27428 | Orc:2    | Reached skill level 10 in Conjurations
 27656 | Orc:2    | Reached skill level 1 in Summonings
 28052 | Orc:2    | Found a staircase to the Elven Halls.
 28103 | Orc:2    | Found Vaocw's General Store.
 28110 | Orc:2    | Found Pommeze's Assorted Antiques.
 28118 | Orc:2    | Found Daecek's Assorted Antiques.
 28293 | Elf:1    | Entered Level 1 of the Elven Halls
 28441 | Elf:1    | Noticed Agnes
 28628 | Elf:1    | Offered knowledge of Freezing Cloud by Vehumet.
 28799 | Elf:1    | Mangled by Agnes

Skill      XL: |  1  2  3  4  5  6  7  8  9 10 11 12 13 14 15 |
---------------+----------------------------------------------+-----
Earth Magic    | 3 4 5 6 7 8 9 10 11 12 13 14 | 14.3
Spellcasting   | 3 4 5 6 7 9 10 11 13 14 16 17 | 17.9
Conjurations   | 1 2 3 5 6 8 9 10 | 10.0
Dodging        | 6 8 |  8.1
Transmutations | 3 5 |  5.1
Stealth        | 5 8 |  8.2
Fighting       | 3 4 |  4.0
Evocations     | 5 |  5.3
Summonings     | 2 |  2.9

Action                   |  1- 3 |  4- 6 |  7- 9 | 10-12 | 13-15 || total
-------------------------+-------+-------+-------+-------+-------++-------
Melee: Whip              |    85 |       |       |       |       ||    85
       Unarmed           |    12 |    17 |       |       |       ||    29
       Dagger            |    71 |    66 |       |       |       ||   137
       Short sword       |       |    61 |   203 |    68 |     7 ||   339
       Staff             |       |       |       |       |     3 ||     3
 Fire: Blowgun           |       |       |       |     1 |    10 ||    11
 Cast: Sandblast         |    26 |    18 |    31 |   182 |    34 ||   291
       Passwall          |     1 |     3 |     7 |     9 |     4 ||    24
       Stone Arrow       |       |     9 |   106 |   348 |   798 ||  1261
       Lee's Rapid Decon |       |       |       |     3 |    23 ||    26
       Petrify           |       |       |       |     2 |     4 ||     6
  Use: Scroll            |       |     6 |     3 |     9 |     4 ||    22
       Potion            |       |       |       |       |     1 ||     1
 Stab: Distracted        |     2 |       |       |       |       ||     2
       Sleeping          |     1 |     7 |    11 |     3 |       ||    22
       Petrified         |       |       |       |       |     1 ||     1
  Eat: Bread ration      |       |     1 |       |       |     1 ||     2
       Royal jelly       |       |       |     1 |     4 |     3 ||     8
Armor: Robe              |    21 |     9 |    13 |     7 |    20 ||    70
Dodge: Dodged            |   191 |   131 |   206 |   220 |   213 ||   961
